 Dungeon Crawl Stone Soup version 0.25-a0-860-gf695395b5c (webtiles) character file.

Game seed: 9191519651997143964, levelgen mode: deterministic

24880 Kohru the Warrior (level 12, -5/186 HPs)
             Began as a Centaur Hunter on Apr 28, 2020.
             Was a High Priest of Okawaru.
             Slain by a black mamba (7 damage)
             ... on level 4 of the Lair of Beasts.
             The game lasted 01:01:36 (20693 turns).

Kohru the Warrior (Centaur Hunter)                 Turns: 20693, Time: 01:01:36

Health: -5/186     AC: 16    Str: 20    XL:     12   Next: 84%
Magic:  10/17      EV:  7    Int: 10    God:    Okawaru [*****.]
Gold:   667        SH:  0    Dex: 10    Spells: 11/11 levels left

rFire    . . .     SeeInvis +   b - +6 great sword
rCold    + . .     Gourm    .   (shield currently unavailable)
rNeg     . . .     Faith    .   q - +0 chain mail
rPois    +         Spirit   .   r - +0 helmet
rElec    .         Reflect  .   K - +0 cloak
rCorr    .         Harm     .   k - +0 pair of gloves
MR       .....                  (no barding)
Stlth    ..........             (no amulet)
HPRegen  0.41/turn              j - +1 ring of protection
MPRegen  0.15/turn              C - ring of see invisible

@: berserking, lethally poisoned (-5 -> -6), heroism, very quick
A: large, hooves 3, icy blue scales 1, cold resistance 1, deformed body, speed
2, poison resistance, shaggy fur 1, tough skin 3
a: Heroism, Finesse, Renounce Religion


You were on level 4 of the Lair of Beasts.
You worshipped Okawaru.
Okawaru was extremely pleased with you.
You were hungry.

You visited 2 branches of the dungeon, and saw 14 of its levels.

You collected 667 gold pieces.

Inventory:

Hand Weapons
 a - a +1 shortbow
 b - a +6 great sword (weapon)
Missiles
 e - 59 poisoned darts (quivered)
 m - 305 arrows
 v - 12 curare-tipped darts
Armour
 k - a +0 pair of gloves (worn)
 q - a +0 chain mail (worn)
 r - a +0 helmet (worn)
 K - a +0 cloak (worn)
Jewellery
 j - a +1 ring of protection (left hand)
 s - an uncursed amulet of harm
 C - a ring of see invisible (right hand)
 G - an uncursed amulet of rage
Wands
 d - a wand of iceblast (7)
 w - a wand of polymorph (7)
 A - a wand of random effects (19)
 D - a wand of acid (8)
 F - a wand of flame (48)
 J - a wand of disintegration (10)
Scrolls
 c - 4 scrolls of immolation
 h - 3 scrolls of enchant weapon
 o - 11 scrolls of identify
 u - 4 scrolls of amnesia
 x - 2 scrolls of blinking
 y - 3 scrolls of remove curse
 z - 2 scrolls of teleportation {unknown}
 M - a scroll of random uselessness {unknown}
Potions
 g - a potion of mutation
 l - a potion of berserk rage
 n - 2 potions of invisibility
 p - 2 potions of heal wounds {unknown}
 B - 2 potions of stabbing
 E - 3 potions of brilliance
 H - a potion of flight {unknown}
 I - 2 potions of might {unknown}
 L - a potion of haste {unknown}
Comestibles
 f - 28 rations
 t - 2 chunks of flesh


   Skills:
 + Level 16.9(21.9) Fighting
 - Level 14.0(19.0) Bows
 - Level 1.3(6.3) Dodging
 - Level 0.4(5.4) Stealth
 - Level 7.7 Invocations


You had 11 spell levels left.
You didn't know any spells.
Your spell library contained the following spells:

 Spells                   Type           Power        Failure   Level  Hunger
 Animate Skeleton         Necr           N/A          98%         1    ##.....
 Pain                     Necr           #...         98%         1    ##.....
 Shock                    Conj/Air       #...         98%         1    ##.....
 Swiftness                Chrm/Air       #.......     99%         2    ###....
 Confusing Touch          Hex            #.......     100%        3    ####...
 Gell's Gravitas          Tloc           #.........   100%        3    ####...
 Static Discharge         Conj/Air       #.......     100%        3    ####...
 Vampiric Draining        Necr           #.........   100%        3    ####...
 Airstrike                Air            #.........   100%        4    #####..
 Animate Dead             Necr           N/A          100%        4    #####..
 Petrify                  Tmut/Erth      #.......     100%        4    #####..
 Agony                    Necr           #.......     100%        5    ######.
 Lightning Bolt           Conj/Air       #.........   100%        5    ######.
 Metabolic Englaciation   Hex/Ice        #.........   100%        5    ######.
 Yara's Violent Unravell  Hex/Tmut       #.........   100%        5    ######.


Dungeon Overview and Level Annotations

Branches:
Dungeon (10/15)            Temple (0/1) D:7            Lair (4/6) D:10
 Shoals (0/4) Lair:3        Snake (0/4) Lair:2
    Orc: D:9-12

Altars:
Ashenzari
Dithmenos
Gozag
Hepliaklqana
Kikubaaqudgha
Makhleb
Nemelex Xobeh
Okawaru
Sif Muna
Wu Jian
Yredelemnul
Zin
The Shining One
Beogh

Shops:
D:5 [[:%   D:8 [[}[   D:10 *

Annotations:
D:8 3 runed translucent doors, will825x's ghost, novice GrBe


Innate Abilities, Weirdness & Mutations

You have hooves in place of feet.
Armour fits poorly on your strangely shaped body.
You cover ground very quickly.
You have extremely tough skin. (AC +3)
You are partially covered in icy blue scales. (AC +2)
Your flesh is cold resistant. (rC+)
Your system is resistant to poisons. (rPois)
You are covered in fur. (AC +1)


Message History

* * * LOW HITPOINT WARNING * * *
A red film seems to cover your vision as you go berserk!
Your finesse ends abruptly.
You feel yourself moving faster!
You feel mighty!
The black mamba bites you but does no damage.
The black mamba bites you.
* * * LOW HITPOINT WARNING * * *
You slash the black mamba! Your kick misses the black mamba.
The black mamba is heavily wounded.
You feel sick.
The black mamba closely misses you. x2; You riposte.
You closely miss the black mamba. Your kick misses the black mamba.
The black mamba is heavily wounded.
You are feeling hungry.
You slash the black mamba! Your kick misses the black mamba.
The black mamba is severely wounded.
You feel sick. The black mamba barely misses you.
You miss the black mamba. Your kick misses the black mamba.
The black mamba is severely wounded.
The black mamba bites you but does no damage.
The black mamba bites you!
You die...

. . .. .. .>.
... .).. ...#
..... ..P#
......###...#
#S@..#
#..(.....#
#...(.8....#
#..(####.....#
#.((/ ##...#
...# #... ..!
... .. ..


You could see a black mamba.

Vanquished Creatures
  Snorg (Lair:3)
  A hydra (Lair:3)
  A two-headed ogre (D:10)
  Urug (D:10)
  A lindwurm (Lair:3)
  A manticore (D:9)
  A merfolk siren (Lair:3)
  Maurice (D:8)
  2 black mambas
  Joseph (D:8)
  A torpor snail (Lair:3)
  5 spiny frogs
  A komodo dragon (Lair:4)
  2 polar bears
  A troll (D:10)
  5 blink frogs (Lair:2)
  Prince Ribbit (D:6)
  2 hippogriffs
  44 yaks
  Grum (D:9)
  A hungry ghost (D:10)
  Edmund (D:4)
  A warg (Lair:3)
  Menkaure (D:5)
  Duvessa (D:6)
  2 nagas (Lair:2)
  4 porcupines (Lair:2)
  7 water moccasins
  4 orc warriors
  A black bear (D:8)
  4 ice beasts
  2 sky beasts (D:9)
  18 wolves
  3 centaurs
  A crocodile (Lair:3)
  4 phantoms
  7 ogres
  2 big kobolds
  A gnoll sergeant (D:9)
  9 bullfrogs
  A water moccasin zombie (D:7)
  A scorpion (D:8)
  Dowan (D:6)
  6 killer bees
  11 howler monkeys
  An electric eel (Lair:3)
  3 crimson imps
  2 bullfrog zombies
  A centaur zombie (D:5)
  A quasit (D:8)
  A bullfrog skeleton (D:10)
  A centaur skeleton (D:8)
  3 jellies
  9 orc priests
  7 hounds
  A gnoll shaman (D:5)
  3 iguanas
  13 orc wizards
  7 worker ants
  A killer bee zombie (D:8)
  A hound skeleton (D:6)
  Robin (D:3)
  4 worker ant zombies
  11 adders
  10 gnolls
  A shadow imp (D:8)
  An ooze (D:3)
  A worm (D:2)
  A dart slug (D:2)
  8 leopard geckos
  37 orcs
  4 giant cockroaches
  11 goblins
  9 hobgoblins
  18 jackals
  15 kobolds
  3 quokkas
  10 bats
  7 frilled lizards
  A jackal skeleton (D:5)
  A jackal zombie (D:8)
  A quokka skeleton (D:9)
  7 rats
385 creatures vanquished.

Vanquished Creatures (others)
  2 plants
2 creatures vanquished.

Grand Total: 387 creatures vanquished

Notes
Turn   | Place    | Note
-------+----------+-------------------------------------------
     0 | D:1      | Kohru the Centaur Hunter began the quest for the Orb.
     0 | D:1      | Reached XP level 1. HP: 17/17 MP: 1/1
   149 | D:1      | Reached XP level 2. HP: 18/24 MP: 2/2
   794 | D:2      | Found a shadowy altar of Dithmenos.
   812 | D:2      | Reached XP level 3. HP: 30/30 MP: 3/3
   898 | D:2      | Found a shimmering blue altar of Sif Muna.
   913 | D:2      | Found a basalt altar of Yredelemnul.
  1079 | D:2      | Found a faded altar of an unknown god.
  1282 | D:2      | Found a burning altar of Makhleb.
  1389 | D:3      | Noticed Robin
  1403 | D:3      | Killed Robin
  1421 | D:3      | Reached XP level 4. HP: 30/37 MP: 4/4
  1546 | D:3      | Reached skill level 3 in Fighting
  1673 | D:3      | Noticed a centaur
  1682 | D:3      | Killed a centaur
  1682 | D:3      | Reached XP level 5. HP: 6/45 MP: 5/5
  2808 | D:3      | Reached XP level 6. HP: 45/52 MP: 6/6
  3235 | D:4      | Reached skill level 4 in Fighting
  3495 | D:4      | Found an iron altar of Okawaru.
  3603 | D:4      | Became a worshipper of Warmaster Okawaru
  3731 | D:5      | Entered Level 5 of the Dungeon
  3733 | D:5      | Noticed an ice beast
  3749 | D:4      | Killed an ice beast
  3789 | D:5      | Noticed Edmund
  3972 | D:5      | Reached XP level 7. HP: 60/60 MP: 7/7
  4511 | D:4      | Killed Edmund
  4511 | D:4      | Reached * piety under Okawaru
  4511 | D:4      | Reached skill level 5 in Fighting
  4511 | D:4      | Reached skill level 10 in Bows
  4681 | D:5      | Found Hean Feh's Book Emporium.
  4891 | D:5      | Found Lumn's Food Boutique.
  4893 | D:5      | Found Puwnaa's Armour Boutique.
  4916 | D:5      | HP: 1/61 [orc priest/divine providence (13)]
  4920 | D:6      | Found a glowing silver altar of Zin.
  4920 | D:6      | Found a hazy altar of Hepliaklqana.
  5423 | D:5      | Reached XP level 8. HP: 52/69 MP: 8/8
  5494 | D:5      | Found a shattered altar of Ashenzari.
  5668 | D:5      | Found a glowing golden altar of the Shining One.
  5792 | D:5      | Found Supn's Antique Armour Shop.
  5824 | D:6      | Noticed Menkaure
  5830 | D:5      | Killed Menkaure
  5830 | D:5      | Reached skill level 6 in Fighting
  6298 | D:6      | Reached ** piety under Okawaru
  6475 | D:6      | Gained mutation: You are partially covered in icy blue
                  | scales. (AC +2) [potion of mutation]
  6475 | D:6      | Gained mutation: You are covered in fur. (AC +1) [potion of
                  | mutation]
  6475 | D:6      | Gained mutation: Your flesh is cold resistant. (rC+)
                  | [potion of mutation]
  6475 | D:6      | Gained mutation: Your system is resistant to poisons.
                  | (rPois) [potion of mutation]
  6494 | D:6      | HP: 5/106 [poisoned by a killer bee]
  6500 | D:6      | HP: 4/106 [poisoned by a killer bee]
  6506 | D:6      | HP: 3/106 [poisoned by a killer bee]
  6514 | D:6      | HP: 3/106 [poisoned by a killer bee]
  6984 | D:6      | Found an opulent altar of Gozag.
  7119 | D:6      | Noticed Dowan
  7121 | D:6      | Noticed Duvessa
  7132 | D:6      | Killed Dowan
  7139 | D:6      | Noticed Prince Ribbit
  7149 | D:6      | Killed Duvessa
  7304 | D:6      | Killed Prince Ribbit
  7304 | D:6      | Reached skill level 7 in Fighting
  7304 | D:6      | Reached XP level 9. HP: 61/79 MP: 9/9
  7720 | D:7      | Found a staircase to the Ecumenical Temple.
  7881 | D:7      | Reached *** piety under Okawaru
  8346 | D:7      | Received a gift from Okawaru
  8574 | D:7      | Reached skill level 8 in Fighting
  8601 | D:7      | Found an ornate altar of the Wu Jian Council.
  8610 | D:7      | Found a sparkling altar of Nemelex Xobeh.
  8714 | D:8      | Found Suleziq's Armour Emporium.
  8714 | D:8      | Identified the +1 whip of Ijyifom {flame, rN+++ Int-4
                  | Dex+5}
  8812 | D:8      | Found Ynnec's Gadget Shoppe.
  9000 | D:8      | Reached skill level 9 in Fighting
  9005 | D:8      | Reached **** piety under Okawaru
  9119 | D:8      | Noticed Joseph
  9152 | D:8      | Killed Joseph
  9152 | D:8      | Received a gift from Okawaru
  9383 | D:8      | Reached skill level 10 in Fighting
  9417 | D:8      | Reached XP level 10. HP: 93/93 MP: 10/10
  9471 | D:8      | Found Gubyikh's Armour Shoppe.
  9480 | D:8      | Noticed Maurice
  9520 | D:8      | Killed Maurice
  9633 | D:8      | Found a runed translucent gate.
  9650 | D:8      | Found a runed translucent gate.
  9650 | D:8      | Found a runed translucent gate.
  9653 | D:8      | Noticed will825x's ghost (novice GrBe)
  9657 | D:8      | Found a roughly hewn altar of Beogh.
  9749 | D:8      | Received a gift from Okawaru
  9827 | D:8      | Reached skill level 11 in Fighting
  9875 | D:8      | Found Godag's Armour Boutique.
 10379 | D:9      | Reached skill level 1 in Invocations
 11285 | D:9      | Noticed a manticore
 11441 | D:9      | Noticed Grum
 11449 | D:9      | Killed Grum
 11598 | D:9      | Reached skill level 12 in Fighting
 11748 | D:9      | Killed a manticore
 11748 | D:9      | Reached ***** piety under Okawaru
 11748 | D:9      | Received a gift from Okawaru
 12212 | D:10     | Entered Level 10 of the Dungeon
 12294 | D:10     | Reached skill level 5 in Invocations
 12728 | D:10     | Noticed Urug
 12927 | D:10     | Killed Urug
 12927 | D:10     | Reached XP level 11. HP: 105/105 MP: 13/15
 12998 | D:10     | Noticed a two-headed ogre
 13044 | D:10     | Killed a two-headed ogre
 13044 | D:10     | Received a gift from Okawaru
 13143 | D:10     | Found a staircase to the Lair.
 13660 | D:10     | Found Qaacileff's Assorted Antiques.
 13834 | Lair:1   | Entered Level 1 of the Lair of Beasts
 13859 | D:10     | Received a gift from Okawaru
 14325 | D:10     | Reached skill level 13 in Fighting
 14540 | D:10     | Received a gift from Okawaru
 16449 | Lair:2   | Found an ancient bone altar of Kikubaaqudgha.
 16980 | Lair:2   | Reached skill level 14 in Fighting
 17008 | Lair:2   | Received a gift from Okawaru
 17491 | Lair:2   | Received a gift from Okawaru
 17507 | Lair:2   | Reached XP level 12. HP: 118/118 MP: 17/17
 17551 | Lair:2   | Received a gift from Okawaru
 17619 | Lair:2   | Found a staircase to the Snake Pit.
 18068 | Lair:2   | Reached skill level 15 in Fighting
 18087 | Lair:2   | Received a gift from Okawaru
 19003 | Lair:3   | Noticed a seven-headed hydra
 19027 | Lair:3   | Killed a seven-headed hydra
 19242 | Lair:3   | Received a gift from Okawaru
 19420 | Lair:3   | Reached skill level 16 in Fighting
 19836 | Lair:3   | Received a gift from Okawaru
 20098 | Lair:3   | Noticed Snorg
 20119 | Lair:3   | Killed Snorg
 20449 | Lair:3   | Found a staircase to the Shoals.
 20689 | Lair:4   | HP: 5/124 [black mamba (6)]
 20691 | Lair:4   | HP: 2/186 [poisoned by a black mamba]
 20693 | Lair:4   | Slain by a black mamba

Levels and vault maps discovered:
D:1:      mainiacjoe_arrival_reflecting_pool, layout_basic,
          chequers_serial_rivers_micro_a
D:2:      layout_basic, nicolae_dithmenos_shadow_blocks, old_standard_altar,
          lemuel_doored_altar, marbit_many_paths,
          chequers_ecumenical_altar_twisty
D:3:      layout_loops_corners, minivault_26, uniq_robin
D:4:      layout_basic, kennysheep_okawaru_gauntlet
D:5:      layout_rooms, lemuel_round_altar, tso_oasis_becter, first_ration,
          serial_shops, nicolae_shop_trees, shop_fountains, nicolae_shop_trees,
          kennysheep_mini, uniq_edmund
D:6:      minmay_clustersquares, layout_basic, grunt_gozag_breadcrumbs,
          grunt_temple_overflow_open, uniq_menkaure, uniq_prince_ribbit1,
          uniq_duvessa
D:7:      layout_gridville, kennysheep_mini_moat,
          nemelex_xobeh_ov_fountains_minmay, minmay_temple_entry_from_below_a
D:8:      layout_basic, serial_shops, shop, nicolae_shop_stone,
          nicolae_shop_crystal, shop, biasface_ghost_orc_armoury,
          blue_anna_alchemist [blue_anna_fruit_fields, blue_anna_fruit_fields],
          uniq_maurice, uniq_joseph
D:9:      layout_basic, uniq_grum
D:10:     layout_roguey, lair_entry_dummy, serial_shops, nicolae_shop_stone,
          hex_tiny, uniq_urug
Lair:1:   layout_layer_cave, serial_bayou_shore_a
Lair:2:   layout_cave_pods, minmay_snake_entry_guardpost_small, basic_altar,
          beast_lair_carwin_9
Lair:3:   beast_lair_carwin_large_3, layout_hall_layers,
          elwin_shoals_entry_rooms, uniq_snorg
Lair:4:   layout_loops_ring, enter_volcano_4, minmay_lair_oklob_chamber,
          grunt_megastairs_5

Skill      XL: |  1  2  3  4  5  6  7  8  9 10 11 12 |
---------------+-------------------------------------+-----
Bows           | 6 7 8 9 11 13 14 | 14.0
Fighting       | 3 4 5 7 10 12 14 16 | 16.9
Invocations    | 5 7 |  7.7
Dodging        | |  1.3
Stealth        | |  0.4

Action                   |  1- 3 |  4- 6 |  7- 9 | 10-12 || total
-------------------------+-------+-------+-------+-------++-------
Melee: Short sword       |   102 |     7 |       |       ||   109
       Kick              |    17 |    25 |    58 |    74 ||   174
       Whip              |       |    81 |    57 |       ||   138
       Dire flail        |       |       |   170 |   108 ||   278
       Great sword       |       |       |       |   223 ||   223
 Fire: Shortbow          |    21 |    65 |   303 |   794 ||  1183
Throw: Dart              |       |       |     6 |       ||     6
Invok: Heroism           |       |       |       |     8 ||     8
       Finesse           |       |       |       |     7 ||     7
  Use: Potion            |       |       |     6 |     2 ||     8
       Scroll            |       |       |     1 |     9 ||    10
  Eat: Chunk             |     1 |     6 |     8 |    26 ||    41
       Ration            |       |       |     2 |     1 ||     3
Armor: Leather armour    |    36 |    11 |       |       ||    47
       Chain mail        |       |    13 |   204 |   400 ||   617
Dodge: Dodged            |    68 |    46 |    74 |   167 ||   355
       Rpst.: Great sword |       |       |       |    28 ||    28

Table legend:
 A = Non-vault XP
 B = Vault XP
 C = Vault XP percentage of total XP
 D = Non-vault monster count
 E = Vault monster count
 F = Vault count percentage of total count
                 A         B        C        D         E       F
            +---------+---------+-------+---------+---------+-------
      Total |   27046 |    8497 |  23.9 |     330 |      55 |  14.3
            +---------+---------+-------+---------+---------+-------
        D:1 |      31 |       0 |   0.0 |      21 |       0 |   0.0
        D:2 |      39 |       1 |   2.5 |      13 |       1 |   7.1
        D:3 |     284 |      25 |   8.1 |      31 |       6 |  16.2
        D:4 |     331 |     180 |  35.2 |      10 |       3 |  23.1
        D:5 |     778 |     172 |  18.1 |      31 |       1 |   3.1
        D:6 |      30 |     969 |  97.0 |       6 |      13 |  68.4
        D:7 |    1158 |       0 |   0.0 |      36 |       0 |   0.0
        D:8 |    1826 |    1496 |  45.0 |      39 |       7 |  15.2
        D:9 |    2716 |     198 |   6.8 |      47 |       1 |   2.1
       D:10 |    4632 |     851 |  15.5 |      30 |       1 |   3.2
     Lair:1 |    2278 |       0 |   0.0 |      11 |       0 |   0.0
     Lair:2 |    5831 |    1565 |  21.2 |      27 |       8 |  22.9
     Lair:3 |    7112 |    2685 |  27.4 |      28 |      13 |  31.7
     Lair:4 |       0 |     355 | 100.0 |       0 |       1 | 100.0
            +---------+---------+-------+---------+---------+-------
